 Dungeon Crawl Stone Soup version 0.26-a0-812-g31a745ddcd (webtiles) character file.

Game seed: 12924346778933542357

1530 sanka the Cleaver (level 8, -2/66 HPs)
             Began as a Ghoul Monk on Dec 8, 2020.
             Was a Believer of Makhleb.
             Slain by an ogre
             ... wielding a +0 giant club
              (23 damage)
             ... on level 6 of the Dungeon.
             The game lasted 00:11:50 (8293 turns).

sanka the Cleaver (Ghoul Monk)                      Turns: 8293, Time: 00:11:51

Health: -2/66      AC: 13    Str: 17    XL:     8   Next: 85%
Magic:  11/11      EV:  5    Int:  5    God:    Makhleb [**....]
Gold:   352        SH:  0    Dex: 11    Spells: 7/7 levels left

rFire    . . .     SeeInvis .   s - +0 battleaxe
rCold    + . .     Faith    .   (shield currently unavailable)
rNeg     + + +     Spirit   .   l - +0 plate armour
rPois    ∞         Reflect  .   (no helmet)
rElec    .         Harm     .   (no cloak)
rCorr    .         Rampage  .   b - +2 pair of gloves
MR       .....                  (no boots)
Stlth    ..........             (no amulet)
HPRegen  0.00/turn              (no ring)
MPRegen  0.12/turn              (no ring)

@: no status effects
A: rotting body, claws 1, cold resistance 1, negative energy resistance 3,
inhibited regeneration, torment resistance, unbreathing
a: Minor Destruction, Renounce Religion


You were on level 6 of the Dungeon.
You worshipped Makhleb.
Makhleb was pleased with you.
You visited 1 branch of the dungeon, and saw 6 of its levels.

You collected 352 gold pieces.


Innate Abilities, Weirdness & Mutations

Your body is rotting away.
You thrive by killing the living.
You are immune to poison.
You have sharp fingernails.
Your flesh is cold resistant. (rC+)
You are immune to negative energy. (rN+++)
You do not regenerate when monsters are visible.
You are immune to unholy pain and torment.
You can survive without breathing.


   Skills:
 - Level 4.0 Fighting
 * Level 8.9 Axes
 - Level 2.6 Dodging
 - Level 2.1 Stealth
 + Level 5.4 Invocations


You had 7 spell levels left.
You didn't know any spells.
Your spell library was empty.

Inventory:

Hand Weapons
 a - a +0 war axe
 s - a +0 battleaxe (weapon)
Missiles
 o - 3 curare-tipped darts {=f}
Armour
 b - a +2 pair of gloves (worn)
 j - a +0 tower shield
 l - a +0 plate armour (worn)
Magical Staves
 u - a cursed staff of death {unknown}
Wands
 q - a wand of random effects (17)
 t - a wand of flame (15)
Scrolls
 d - 5 scrolls of remove curse
 e - 3 scrolls of enchant armour
 f - 4 scrolls of magic mapping
 k - a scroll of amnesia
 n - 2 scrolls of enchant weapon
 p - 3 scrolls of teleportation {unknown}
 r - a scroll of immolation {unknown}
 v - a scroll of blinking {unknown}
Potions
 c - a potion of ambrosia
 g - a potion of might {unknown}
 h - a potion of flight
 i - a potion of brilliance {unknown}

Dungeon Overview and Level Annotations

Branches:
Dungeon (6/15)
 Temple: D:4-7

Altars:
Fedhas
Gozag
Makhleb
Ru
Trog
Wu Jian
Zin

Annotations:
D:3 Grinder
D:6 1 runed translucent door

....▒▒...▒▒▒▒▒▒▒▒▒
.....▒...........▒
....▒....▒▒▒▒▒▒▒.▒▒▒▒▒
.▒.▒.....▒ ▒.........▒
.▒.▒▒...▒▒
▒.▒▒▒.▒▒▒.▒▒▒
▒▒......▒ ▒.......▒
▒▒▒▒▒.▒▒ ▒.▒▒▒.▒.▒ ▒.▒
▒.>...▒ ▒+▒ ▒n▒▒..▒
▒.OZ....▒ ▒▒▒▒.£▒▒▒ .▒
▒


You could see an ogre and a bullfrog zombie.


Message History

Magic restored.
HP restored.
You see here 18 stones.
Found 14 gold pieces.
You now have 352 gold pieces (gained 14).
Found a stone staircase leading down.
An ogre comes into view. It is wielding a +0 giant club.
The ogre shouts!
Found 13 gold pieces.
Use which ability? (? or * to list)
Aim: an ogre, wielding a +0 giant club The ogre writhes in agony.
A bullfrog zombie comes into view.
You slash the ogre!
The ogre is severely wounded.
The ogre hits you with a +0 giant club!
Your plate armour prevents you from hitting the ogre.
The ogre is severely wounded.
The ogre barely misses you.
You hit the ogre.
The ogre is almost dead.
The ogre hits you with a +0 giant club!!
You barely miss the ogre.
The ogre is almost dead.
The ogre hits you with a +0 giant club!
* * * LOW HITPOINT WARNING * * *
You barely miss the ogre.
The ogre is almost dead.
The ogre hits you with a +0 giant club!!
You die...

Action                   |  1- 3 |  4- 6 |  7- 9 || total
-------------------------+-------+-------+-------++-------
Melee: Hand axe          |   112 |   121 |       ||   233
       War axe           |       |    84 |     6 ||    90
       Battleaxe         |       |       |   310 ||   310
Invok: Minor Destruction |       |       |    12 ||    12
  Use: Scroll            |     5 |     6 |     1 ||    12
       Potion            |       |       |     1 ||     1
 Stab: Sleeping          |     4 |       |       ||     4
Armor: Robe              |    18 |    15 |       ||    33
       Plate armour      |       |    62 |   350 ||   412
Dodge: Dodged            |    75 |    93 |   126 ||   294

Levels and vault maps discovered:
D:1:      mrwooster_arrival_arrow, layout_basic
D:2:      layout_basic, nicolae_ru_awakened_eye, grunt_gozag_breadcrumbs
D:3:      layout_basic, fedhas_altar_1, kennysheep_generic_room_14, uniq_grinder
D:4:      layout_loops_ring, marbit_many_paths, nicolae_overflow_crystal_walls
D:5:      layout_loops_corners, lightli_temple_of_fire, minivault_26,
          uniq_blork_the_orc
D:6:      layout_loops_corners, lemuel_angel_altar

Notes
Turn   | Place    | Note
-------+----------+-------------------------------------------
     0 | D:1      | sanka the Ghoul Monk began the quest for the Orb.
     0 | D:1      | Reached XP level 1. HP: 19/19 MP: 0/0
   220 | D:1      | Reached skill level 3 in Axes
   220 | D:1      | Reached XP level 2. HP: 17/26 MP: 1/1
   695 | D:2      | Reached XP level 3. HP: 25/33 MP: 2/2
   819 | D:2      | Reached skill level 4 in Fighting
   950 | D:2      | Found an opulent altar of Gozag.
   989 | D:2      | HP: 1/33 [worm (4)]
  1455 | D:2      | Found a sacrificial altar of Ru.
  1791 | D:2      | Reached XP level 4. HP: 23/40 MP: 3/3
  2122 | D:3      | Reached skill level 4 in Axes
  2127 | D:3      | Found a blossoming altar of Fedhas.
  2464 | D:2      | HP: 4/40 [orc wizard/+0 dagger (1)]
  2469 | D:2      | HP: 2/40 [orc wizard/+0 dagger (2)]
  2472 | D:2      | Reached XP level 5. HP: 1/46 MP: 4/4
  2790 | D:3      | Noticed Grinder
  3595 | D:3      | Reached skill level 5 in Axes
  4313 | D:4      | Noticed a phantom
  4546 | D:3      | Killed a phantom
  4546 | D:3      | Reached XP level 6. HP: 34/52 MP: 5/5
  4820 | D:4      | Found a burning altar of Makhleb.
  4827 | D:4      | Became a worshipper of Makhleb the Destroyer
  4827 | D:4      | Reached * piety under Makhleb
  4827 | D:4      | Reached ** piety under Makhleb
  4866 | D:4      | Found an ornate altar of the Wu Jian Council.
  4881 | D:4      | Reached skill level 6 in Axes
  4881 | D:4      | Reached skill level 1 in Invocations
  5278 | D:5      | Entered Level 5 of the Dungeon
  5411 | D:5      | Found a bloodstained altar of Trog.
  5445 | D:5      | Reached skill level 2 in Invocations
  5445 | D:5      | Reached XP level 7. HP: 52/59 MP: 7/7
  5492 | D:5      | Noticed Blork the orc
  5502 | D:5      | Killed Blork the orc
  6094 | D:5      | Reached skill level 7 in Axes
  6145 | D:5      | Reached skill level 3 in Invocations
  6843 | D:5      | Reached XP level 8. HP: 50/66 MP: 9/9
  7174 | D:5      | Reached skill level 4 in Invocations
  7193 | D:5      | HP: 6/66 [orc wizard/magic dart (5)]
  7205 | D:5      | Reached skill level 8 in Axes
  7702 | D:6      | Reached skill level 5 in Invocations
  7752 | D:6      | Found a glowing silver altar of Zin.
  7752 | D:6      | Noticed an angel
  7753 | D:6      | Found a runed translucent door.
  8293 | D:6      | Slain by an ogre

Vanquished Creatures
  An orc warrior (D:5)
  An ice beast (D:5)
  2 centaurs (D:5)
  3 ogres
  2 phantoms
  Blork the orc (D:5)
  A jelly (D:6)
  A howler monkey (D:6)
  A quasit (D:5)
  6 orc wizards
  A bullfrog zombie (D:5)
  4 orc priests
  2 iguanas (D:5)
  2 worker ants (D:5)
  A hound skeleton (D:6)
  5 adders
  A howler monkey skeleton (D:6)
  An ufetubus (D:6)
  2 worms
  2 dart slugs
  3 leopard geckos
  16 orcs
  5 bats
  4 giant cockroaches
  9 goblins
  9 hobgoblins
  4 quokkas
  6 frilled lizards
  3 kobolds
  5 rats
104 creatures vanquished.
